 Dungeon Sprint DCSS version 0.32-a0-961-gd60f5e5fc7 (webtiles) character file.

Game seed: 7001021232065339313

653 Ahpoh the Fighter (level 7, 0/105 HPs)
             Began as a Barachi Berserker on Apr 17, 2024.
             Was a Believer of Trog.
             Slain by an ufetubus (2 damage)
             ... summoned by a ynoxinul
             ... summoned by a kobold demonologist
             ... in the Dungeon (Sprint I: "Red Sonja").
             The game lasted 00:03:59 (295 turns).

Ahpoh the Fighter (Barachi Berserker)                Turns: 295, Time: 00:04:00

Health: 0/105      AC:  2    Str: 21    XL:     7   Next: 54%
Magic:  7/7        EV: 12    Int:  7    God:    Trog [**....]
Gold:   270        SH:  0    Dex: 11    Spells: 6/6 levels left

rFire   . . .        i - +2 scythe (venom)
rCold   . . .        (shield currently unavailable)
rNeg    . . .        b - +0 animal skin
rPois   .            (no helmet)
rElec   .            (no cloak)
rCorr   .            (no gloves)
SInv    .            (no boots)
Will    ++...        (no amulet) Stlth
                     (no ring)
HPRegen 1.37/turn    (no ring)
MPRegen 0.10/turn

%: no teleportation
@: berserking (expiring), strong-willed, regenerating, quick
A: amphibious, slowness 1, strong legs 1, +LOS
a: Hop, Renounce Religion, Berserk, Trog's Hand


You were in the Dungeon.
You worshipped Trog.
Trog was pleased with you.
You visited 1 branch You collected 270 gold pieces.

Inventory:

Hand Weapons
 a - a +0 spear
 i - a +2 scythe of venom (weapon)
Armour
 b - a +0 animal skin (worn)
Jewellery
 j - a ring of ice
Wands
 d - a wand of iceblast (5)
 k - a wand of charming (8)
Scrolls
 h - a scroll of blinking
Potions
 c - a potion of curing
 e - a potion of haste
 f - 2 potions of magic
 g - a potion of berserk rage


   Skills:
 + Level 12.1 Fighting
 + Level 11.1 Polearms
 + Level 6.0 Armour
 + Level 5.6 Dodging


You had 6 spell levels left.
You didn't know any spells.
Your spell library was empty.

Dungeon Overview and Level Annotations

Branches:
Dungeon (1/1)

Altars:
Makhleb
Sif Muna
Vehumet
Wu Jian
Xom
Jiyva
Lugonu


Innate Abilities, Weirdness & Mutations

You are amphibious.
You cover ground slowly.
You can hop short distances.
You have an extended range of vision and can be seen from far away.


Message History

The kobold demonologist looks braver for a moment.
You closely miss the kobold demonologist.
The kobold demonologist mumbles some strange words.
You barely miss the kobold demonologist.
You slash the kobold demonologist!
The kobold demonologist is poisoned.
The kobold demonologist is moderately wounded.
The ynoxinul hits you.
The kobold demonologist casts a spell.
You slash the sun demon!
The sun demon is poisoned.
The sun demon is moderately wounded.
You puncture the sun demon!
The sun demon is moderately wounded.
The sun demon closely misses you. The ynoxinul barely misses you.
The kobold demonologist hits you with a +0 dagger.
The crimson imp blinks!
You closely miss the sun demon.
The sun demon is heavily wounded.
You feel less fragile. The sun demon hits you!
You are engulfed in flames!
The ynoxinul gestures.
The kobold demonologist hits you with a +0 dagger.
The crimson imp blinks!
You miss the kobold demonologist.
The kobold demonologist is moderately wounded.
The sun demon hits you!
You are engulfed in flames!
The ufetubus closely misses you.
The ufetubus hits you but does no damage.
The ufetubus hits you. The ufetubus closely misses you.
The ufetubus hits you. x2
The ynoxinul barely misses you.
The kobold demonologist hits you with a +0 dagger.
* * * LOW HITPOINT WARNING * * *
You impale the kobold demonologist!!
The kobold demonologist looks as sick as possible!
The kobold demonologist is severely wounded.
The sun demon hits you!
* * * LOW HITPOINT WARNING * * *
You are engulfed in flames!
* * * LOW HITPOINT WARNING * * *
The ufetubus barely misses you. The ufetubus misses you. The ufetubus hits you.
You die...

#########################
<.#..)..#.['..#5K#55'.§.#
..)..#..'..#..'5@3K5#.K.#
..#####'#####'#53#### ..+
..# #..# #.#### ## ..#
#### ##.# ..# #+#_.+ ⌠⌠#
+..._# ### #_.#+# ##+#


You could see a sun demon (summoned, very poisoned), 2 kobold demonologists, a
ynoxinul (summoned), an iron imp (summoned), a shadow imp (summoned) and 4
ufetubi.

Vanquished Creatures
  A glass eye (D)
  A slime creature (D)
  Sigmund (D)
  An ogre (D)
  A jelly (D)
  Ijyb (D)
6 creatures vanquished.

Notes
Turn   | Place    | Note
-------+----------+-------------------------------------------
     0 | D        | Ahpoh the Barachi Berserker began the quest for the Orb.
     0 | D        | Reached XP level 1. HP: 18/18 MP: 1/1
     0 | D        | Upgraded the game from 0.32-a0-960-g3814254bd7 to
                  | 0.32-a0-961-gd60f5e5fc7
     2 | D        | Noticed Ijyb
     9 | D        | Killed Ijyb
    10 | D        | Reached skill level 5 in Fighting
    10 | D        | Reached XP level 2. HP: 27/27 MP: 2/2
    51 | D        | Noticed an ogre
    54 | D        | Killed an ogre
    55 | D        | Reached skill level 7 in Fighting
    55 | D        | Reached XP level 3. HP: 36/36 MP: 3/3
    55 | D        | Reached XP level 4. HP: 43/43 MP: 4/4
    87 | D        | Noticed Sigmund
    96 | D        | Killed Sigmund
    96 | D        | Reached ** piety under Trog
    97 | D        | Reached skill level 9 in Fighting
    97 | D        | Reached skill level 5 in Armour
    97 | D        | Reached XP level 5. HP: 53/53 MP: 5/5
    97 | D        | Reached XP level 6. HP: 60/60 MP: 6/6
   156 | D        | Found a burning altar of Makhleb.
   156 | D        | Found a viscous altar of Jiyva.
   156 | D        | Found a shimmering altar of Xom.
   156 | D        | Found a corrupted altar of Lugonu.
   156 | D        | Noticed a slime creature
   158 | D        | Found an ornate altar of the Wu Jian Council.
   158 | D        | Found a shimmering blue altar of Sif Muna.
   164 | D        | Found a radiant altar of Vehumet.
   169 | D        | Reached skill level 10 in Fighting
   225 | D        | Killed a slime creature
   226 | D        | Reached skill level 11 in Fighting
   226 | D        | Reached skill level 10 in Polearms
   226 | D        | Reached skill level 5 in Dodging
   226 | D        | Reached XP level 7. HP: 57/68 MP: 7/7
   275 | D        | Noticed a kobold demonologist
   275 | D        | Noticed a glass eye
   275 | D        | Noticed a kobold demonologist
   285 | D        | Killed a glass eye
   286 | D        | Reached skill level 12 in Fighting
   289 | D        | Noticed a ynoxinul
   291 | D        | Noticed a sun demon
   295 | D        | HP: 2/105 [sun demon[a kobold demonologist] (12)]
   295 | D        | Slain by an ufetubus

Illustrated notes

Levels and vault maps discovered:
D:        dungeon_sprint_1 [red_sonja_temple_1, red_sonja_temple_small_1]

Skill      XL: |  1  2  3  4  5  6  7 |
---------------+----------------------+-----
Fighting       | 5 7 9 11 12 | 12.1
Polearms       | 4 6 8 10 11 | 11.1
Armour         | 3 4 5 6 |  6.0
Dodging        | 3 4 5 |  5.6

Action                     |  1- 3 |  4- 6 |  7- 9 || total
---------------------------+-------+-------+-------++-------
  Melee: Spear             |     7 |     5 |       ||    12
         Halberd           |       |     6 |    13 ||    19
 Invoke: Berserk           |     2 |     1 |     1 ||     4
         Trog's Hand       |       |       |     1 ||     1
  Evoke: Wand              |       |     1 |       ||     1
    Use: Potion            |     1 |       |       ||     1
 Armour: Animal skin       |     3 |     6 |    12 ||    21
  Dodge: Dodged            |     1 |     4 |     7 ||    12

Table legend: (Time is in decaauts)
 A = Elapsed time spent in this place.
 B = Non-inter-level travel time spent in this place.
 C = Inter-level travel time spent in this place.
 D = Time resting spent in this place.
 E = Time spent auto-exploring this place.
 F = Levels seen in this place.
 G = Mean time per level.
                   A        B        C        D        E       F      G
               +--------+--------+--------+--------+--------+-----+--------+
         Total |    326 |    326 |      0 |    164 |     49 |   1 |  326.0 |
       Dungeon |    326 |    326 |      0 |    164 |     49 |   1 |  326.0 |
               +--------+--------+--------+--------+--------+-----+--------+

Top non-repeatable levels by time:
       D: 326 daAuts
